 Dungeon Crawl Stone Soup version 0.28-a0-1404-g4df0f3684d (webtiles) character file.

Game seed: 16763866697426457277

186 HallandMoats the Skirmisher (level 5, -4/46 HPs)
             Began as a Ghoul Fighter on Jan 6, 2022.
             Was a Priest of Lugonu.
             Slain by a shadow (8 damage)
             ... on level 5 of the Dungeon.
             The game lasted 00:03:33 (4174 turns).

HallandMoats the Skirmisher (Ghoul Fighter)         Turns: 4174, Time: 00:03:34

Health: -4/46      AC:  6    Str: 20    XL:     5   Next: 65%
Magic:  5/5        EV:  9    Int:  3    God:    Lugonu [***...]
Gold:   201        SH:  4    Dex: 10    Spells: 4/4 levels left

rFire   . . .      SeeInvis .   a - +0 war axe
rCold   + . .      Faith    .   c - +0 buckler
rNeg    + + +      Spirit   .   b - +0 scale mail
rPois   ∞          Reflect  .   (no helmet)
rElec   .          Harm     .   (no cloak)
rCorr   .          Rampage  .   (no gloves)
Will    .....                   (no boots)
Stlth   ..........              (no amulet)
HPRegen 0.00/turn               (no ring)
MPRegen 0.09/turn               (no ring)

@: inhibited regen
A: claws 1, cold resistance 1, negative energy resistance 3, inhibited
regeneration, torment resistance 2
a: Renounce Religion, Depart the Abyss, Bend Space, Banish


You were on level 5 of the Dungeon.
You worshipped Lugonu.
Lugonu was most pleased with you.
You visited 1 branch of the dungeon, and saw 5 of its levels.

You collected 201 gold pieces.

Inventory:

Hand Weapons
 a - a +0 war axe (weapon)
Armour
 b - a +0 scale mail (worn)
 c - a +0 buckler (worn)
Jewellery
 i - a +6 ring of dexterity
Wands
 n - a wand of flame (42)
Scrolls
 f - 4 scrolls of identify {unknown}
 g - 5 scrolls of teleportation {unknown}
 j - a scroll of summoning {unknown}
 k - a scroll of enchant armour {unknown}
 l - a scroll of brand weapon {unknown}
 m - a scroll of fear {unknown}
 o - a scroll of enchant weapon {unknown}
Potions
 d - 2 potions of might
 e - 2 potions of attraction {unknown}
 h - a potion of berserk rage {unknown}
 p - a potion of haste {unknown}
 q - a potion of mutation {unknown}
 r - a potion of flight {unknown}


   Skills:
 + Level 3.7 Fighting
 * Level 2.8 Axes
 * Level 3.3 Armour
 * Level 1.7 Dodging
 * Level 3.5 Shields
 + Level 1.8 Invocations


You had 4 spell levels left.
You didn't know any spells.
Your spell library contained the following spells:

 Spells                   Type           Power      Damage    Failure   Level
 Magic Dart               Conj           0%         1d3       92%         1
 Searing Ray              Conj           0%         2d4       98%         2
 Dazzling Flash           Conj/Hex       0%         N/A       100%        3
 Fulminant Prism          Conj/Hex       0%         3d6       100%        4
 Iskenderun's Mystic Bla  Conj/Tloc      0%         2d3       100%        4
 Starburst                Conj/Fire      0%         6d3       100%        6


Dungeon Overview and Level Annotations

Branches:
Dungeon (5/15)
 Temple: D:4-7

Altars:
Dithmenos
Kikubaaqudgha
Sif Muna
Trog
Lugonu


Innate Abilities, Weirdness & Mutations

You thrive by killing the living.
You are immune to poison.
You have sharp fingernails.
Your flesh is cold resistant. (rC+)
You are immune to negative energy. (rN+++)
You do not regenerate when monsters are visible.
You are immune to unholy pain and torment.


Message History

You climb downwards.
Found 15 stones.
Found a stone staircase leading up.
There is a stone staircase leading up here.
A shadow is nearby!
Okay, then.
A shadow is nearby!
A shadow is nearby!
A shadow is nearby!
You closely miss the shadow.
The shadow slips into darkness.
The shadow flickers and vanishes!
Deactivating autopickup; reactivate with Ctrl-A.
No target in view!
No target in view!
No target in view!
No target in view!
No target in view!
You barely miss something.
The shadow strikes at you from the darkness!
Ouch! That really hurt!
Reactivating autopickup.
You closely miss the shadow. The shadow closely misses you. x2
You closely miss the shadow.
The shadow slips into darkness.
The shadow flickers and vanishes!
Deactivating autopickup; reactivate with Ctrl-A.
You barely miss something.
The shadow strikes at you from the darkness!
Reactivating autopickup.
You block the shadow's attack.
You closely miss the shadow. You block the shadow's attack.
You barely miss the shadow. The shadow hits you.
* * * LOW HITPOINT WARNING * * *
You closely miss the shadow. The shadow hits you.
* * * LOW HITPOINT WARNING * * *
The shadow hits you.
You slash the shadow!
The shadow is heavily damaged.
The shadow hits you!
You die...

#..# ....#
.....# .....#
#....##
.##.....##
......(..##
#..W@..#
###.....#
<.......#
...#..#....#
#...##.#.......
##.# ## ##.....
## ..... ....#


You could see a shadow.

Vanquished Creatures
  Ijyb (D:3)
  5 adders
  5 worms
  2 dart slugs
  5 orcs
  7 bats
  11 endoplasms
  2 giant cockroaches
  6 goblins
  5 hobgoblins
  7 jackals
  10 kobolds
  A quokka (D:1)
  11 ball pythons
  4 frilled lizards
  3 rats
  2 bushes (D:2)
87 creatures vanquished.

Vanquished Creatures (others)
  A bat (D:3)
  19 plants
  3 withered plants (D:2)
23 creatures vanquished.

Grand Total: 110 creatures vanquished

Notes
Turn   | Place    | Note
-------+----------+-------------------------------------------
     0 | D:1      | HallandMoats the Ghoul Fighter began the quest for the Orb.
     0 | D:1      | Reached XP level 1. HP: 19/19 MP: 0/0
   176 | D:1      | Reached XP level 2. HP: 16/26 MP: 1/1
   699 | D:1      | Reached XP level 3. HP: 31/31 MP: 2/2
  1174 | D:2      | Found a faded altar of an unknown god.
  1195 | D:2      | Prayed at the altar of an unknown god.
  1195 | D:2      | Became a worshipper of Lugonu the Unformed
  1195 | D:2      | Reached * piety under Lugonu
  1195 | D:2      | Reached ** piety under Lugonu
  1418 | D:2      | Reached skill level 1 in Dodging
  1418 | D:2      | Reached skill level 1 in Invocations
  1450 | D:2      | Reached XP level 4. HP: 26/38 MP: 3/3
  2670 | D:3      | Noticed Ijyb
  2678 | D:3      | Reached XP level 5. HP: 29/46 MP: 5/5
  2685 | D:3      | Killed Ijyb
  3488 | D:4      | Found a shimmering blue altar of Sif Muna.
  3496 | D:4      | Found an ancient bone altar of Kikubaaqudgha.
  3496 | D:4      | Found a bloodstained altar of Trog.
  3754 | D:4      | Found a shadowy altar of Dithmenos.
  3789 | D:4      | Reached *** piety under Lugonu
  4165 | D:5      | Entered Level 5 of the Dungeon
  4165 | D:5      | Noticed a shadow
  4174 | D:5      | Slain by a shadow

Illustrated notes

Levels and vault maps discovered:
D:1:      tarquinn_simple_flora_water_f, layout_basic
D:2:      layout_basic, serial_forest, infiniplex_forest_clump_tiny,
          infiniplex_forest_straight_1, infiniplex_forest_lined_corner,
          infiniplex_forest_clump_small, infiniplex_forest_end_1,
          infiniplex_forest_lined_1, infiniplex_forest_side_room,
          infiniplex_forest_clump_diagonal, ebering_ecumenical_altar_petrified,
          kennysheep_nub
D:3:      layout_rooms, serial_bayou, serial_bayou_ford_a, serial_bayou_pond_b,
          serial_bayou_shore_b, serial_bayou_shore_a, serial_bayou_lagoon_a,
          st_stairs_6, uniq_ijyb
D:4:      layout_loops_ring, grunt_temple_overflow_open, kennysheep_mini_moat
D:5:      minmay_inner_zag, layout_cave_pools, hellmonk_ghost_happy_afterlife,
          uniq_edmund, uniq_duvessa

Skill      XL: |  1  2  3 |
---------------+----------+-----
Axes           | 2 |  2.8
Shields        | 3 |  3.5
Armour         | 3 |  3.3
Dodging        | 1 |  1.7
Invocations    | 1 |  1.8
Fighting       | |  3.7

Action                   |  1- 3 |  4- 6 || total
-------------------------+-------+-------++-------
Melee: War axe           |   144 |   229 ||   373
Armor: Scale mail        |    55 |    87 ||   142
Dodge: Dodged            |    69 |    98 ||   167
Block: Buckler           |    20 |    44 ||    64

Table legend: (Time is in decaauts)
 A = Elapsed time spent in this place.
 B = Non-inter-level travel time spent in this place.
 C = Inter-level travel time spent in this place.
 D = Time resting spent in this place.
 E = Time spent auto-exploring this place.
 F = Levels seen in this place.
 G = Mean time per level.
                   A        B        C        D        E       F      G
               +--------+--------+--------+--------+--------+-----+--------+
         Total |   4372 |   4274 |     98 |    349 |   3083 |   5 |  874.4 |
       Dungeon |   4372 |   4274 |     98 |    349 |   3083 |   5 |  874.4 |
               +--------+--------+--------+--------+--------+-----+--------+

Top non-repeatable levels by time:
     D:2: 1379 daAuts
     D:1: 1127 daAuts
     D:3: 1119 daAuts
     D:4: 734 daAuts
     D:5: 12 daAuts
